 Dungeon Crawl Stone Soup version 0.27.1-4-g1640c2035a (webtiles) character file.

Game seed: 2646754653075221161

466 Stomo444 the Skirmisher (level 6, -4/49 HPs)
             Began as a Demonspawn Monk on Nov 13, 2021.
             Was a Believer of Nemelex Xobeh.
             Slain by an ogre (13 damage)
             ... on level 4 of the Dungeon.
             The game lasted 00:10:17 (4282 turns).

Stomo444 the Skirmisher (Demonspawn Monk)           Turns: 4282, Time: 00:10:18

Health: -4/49      AC: 12    Str: 19    XL:     6   Next: 81%
Magic:  6/6        EV:  9    Int: 11    God:    Nemelex Xobeh [**....]
Gold:   157        SH:  0    Dex: 16    Spells: 5/5 levels left

rFire    + . .     SeeInvis .   a - +0 mace
rCold    . . .     Faith    .   (no shield)
rNeg     . . .     Spirit   .   k - +0 chain mail
rPois    .         Reflect  .   f - +1 helmet
rElec    .         Harm     .   (no cloak)
rCorr    .         Rampage  .   (no gloves)
Will     .....                  (no boots)
Stlth    ..........             (no amulet)
HPRegen  0.16/turn              g - ring of protection from fire
MPRegen  0.10/turn              t - +6 ring of strength

@: confused
A: hooves 1, powered by death 2, sharp scales 1
a: Renounce Religion, Draw Escape, Draw Destruction, Draw Summoning


You were on level 4 of the Dungeon.
You worshipped Nemelex Xobeh.
Nemelex Xobeh was pleased with you.
You visited 1 branch of the dungeon, and saw 4 of its levels.

You collected 157 gold pieces.

Inventory:

Hand Weapons
 a - a +0 mace (weapon)
Armour
 b - a +0 robe
 e - a +0 ring mail
 f - a +1 helmet (worn)
 k - a +0 chain mail (worn)
 q - a +0 scale mail
Jewellery
 g - a ring of protection from fire (left hand)
 s - a ring of ice
 t - a +6 ring of strength (right hand)
Wands
 j - a wand of flame (23)
Scrolls
 c - a scroll of enchant armour
 d - a scroll of summoning {unknown}
 n - a scroll of magic mapping {unknown}
 p - 2 scrolls of identify
 r - a scroll of amnesia {unknown}
 v - a scroll of teleportation {unknown}
 w - a scroll of torment {unknown}
Potions
 h - a potion of might {unknown}
 i - a potion of haste
 l - a potion of flight {unknown}
 m - 2 potions of curing {unknown}
 o - a potion of degeneration {unknown}
 u - a potion of invisibility {unknown}


   Skills:
 + Level 4.7 Fighting
 + Level 4.2 Maces & Flails
 + Level 2.6 Armour
 + Level 4.2 Dodging
 - Level 1.7 Stealth
 + Level 0.5 Invocations


You had 5 spell levels left.
You didn't know any spells.
Your spell library contained the following spells:

 Spells                   Type           Power      Damage    Failure   Level
 Ozocubu's Armour         Ice            0%         N/A       100%        3
 Ozocubu's Refrigeration  Ice            0%         4d5       100%        7


Dungeon Overview and Level Annotations

Branches:
Dungeon (4/15)
 Temple: D:4-7

Altars:
Ashenzari
Fedhas
Kikubaaqudgha
Nemelex Xobeh
Trog

Shops:
D:1 (   D:2 *


Innate Abilities, Weirdness & Mutations

You have large cloven feet.
You regenerate health from kills.
You are partially covered in razor-sharp scales. (AC +1, Slay +1)


Message History

Aim: an orc priest, wielding a +0 flail and wearing a +0 leather armour (moderately wounded)
The orc priest hits you with a +0 flail.
Unknown command.
Press: ? - help, v - describe, . - travel
Here: an orb of destruction (friendly)
The floor.
You completely miss the orc priest. Your kick misses the orc priest.
The orc priest is moderately wounded.
Your orb of destruction hits a rock wall.
The orc priest hits you with a +0 flail.
The orc wizard casts a spell at you. The puff of flame hits you. You resist.
You see here a +2 whip of holy wrath.
You sock the orc priest!
The orc priest is almost dead.
The orc wizard casts a spell.
The orc wizard flickers and vanishes!
Deactivating autopickup; reactivate with Ctrl-A.
An ogre comes into view. It is wielding a +0 giant club.
The orc priest misses you. Something hits you but does no damage.
You draw a card...
You have drawn Exile.
The deck of cards glows with a rainbow of weird colours and disappears.
The ogre shouts!
The orc priest hits you but does no damage.
You hear some strange, mumbled words.
You are confused.
Unknown command.
You bump into the rock wall.
The orc priest closely misses you. Something hits you but does no damage.
You hit the orc priest.
You kill the orc priest!
You hear some strange, mumbled words.
A magic dart appears from out of thin air!
The magic dart hits you.
The ogre hits you with a +0 giant club!!
* * * LOW HITPOINT WARNING * * *
Something hits you but does no damage.
You bump into the rock wall.
The ogre hits you with a +0 giant club!
You die...
Your body disappears without a glow.

...........≈≈.≈≈......##..#
........(...≈≈.≈§..........#
#.##.#......≈...§...........
............≈.8.≈...##.#...#
.....#.#....................
...............#............
..........##...#............
.......#)###...#.##.##......
..##.......@...............#
. #.#:#.###O..............#
#.#....))........ #
###..##.#......
........###.##. ..........#
# ............ ##.###.###.#
## ### ###


You could see an ogre.

Vanquished Creatures
  Sigmund (D:3)
  A hound (D:4)
  2 orc priests
  Jessica (D:3)
  Terence (D:3)
  Ijyb (D:3)
  A hound skeleton (D:4)
  Robin (D:2)
  4 adders
  A white imp (D:4)
  A worm (D:2)
  2 dart slugs (D:1)
  4 orcs
  8 ball pythons
  5 bats
  5 endoplasms
  A giant cockroach (D:2)
  11 goblins
  6 hobgoblins
  A quokka (D:4)
  6 frilled lizards
  A jackal skeleton (D:4)
  8 kobolds
  5 rats
78 creatures vanquished.

Notes
Turn   | Place    | Note
-------+----------+-------------------------------------------
     0 | D:1      | Stomo444 the Demonspawn Monk began the quest for the Orb.
     0 | D:1      | Reached XP level 1. HP: 18/18 MP: 1/1
   323 | D:1      | Gained mutation: You have large cloven feet. [demonic
                  | ancestry]
   323 | D:1      | Reached XP level 2. HP: 24/24 MP: 2/2
   434 | D:1      | Found Eppielor's Antique Weapon Boutique.
  1262 | D:2      | Found a faded altar of an unknown god.
  1265 | D:2      | Noticed Robin
  1277 | D:2      | Gained mutation: You are partially covered in razor-sharp
                  | scales. (AC +1, Slay +1) [demonic ancestry]
  1277 | D:2      | Reached XP level 3. HP: 29/29 MP: 3/3
  1297 | D:2      | Killed Robin
  1439 | D:2      | Found Xeohac's General Store.
  1708 | D:2      | Gained mutation: You regenerate a little health from kills.
                  | [demonic ancestry]
  1708 | D:2      | Reached XP level 4. HP: 35/37 MP: 4/4
  1830 | D:2      | You fall into a shaft and drop 2 floors!
  1854 | D:3      | Noticed Terence
  1870 | D:3      | Killed Terence
  1871 | D:3      | Reached skill level 1 in Armour
  2091 | D:3      | You fall into a shaft and drop 1 floor!
  2750 | D:3      | Gained mutation: You regenerate health from kills. [demonic
                  | ancestry]
  2750 | D:3      | Reached XP level 5. HP: 30/42 MP: 5/5
  2870 | D:3      | Noticed Sigmund
  3029 | D:3      | Found an ancient bone altar of Kikubaaqudgha.
  3428 | D:3      | Killed Sigmund
  3429 | D:3      | Reached XP level 6. HP: 49/49 MP: 6/6
  3484 | D:3      | Noticed Ijyb
  3499 | D:3      | Killed Ijyb
  3552 | D:3      | Noticed Jessica
  3562 | D:3      | Killed Jessica
  3644 | D:3      | Found a broken altar of Ashenzari.
  3853 | D:4      | Found a bloodstained altar of Trog.
  3929 | D:4      | Found a blossoming altar of Fedhas.
  3960 | D:4      | Found a sparkling altar of Nemelex Xobeh.
  4049 | D:4      | Identified the +4 falchion of Eternal Harmony {antimagic,
                  | *Rage Dex+4 Stlth+}
  4054 | D:4      | Became a worshipper of Nemelex Xobeh the Trickster
  4054 | D:4      | Reached * piety under Nemelex Xobeh
  4054 | D:4      | Received a gift from Nemelex Xobeh
  4054 | D:4      | Reached ** piety under Nemelex Xobeh
  4282 | D:4      | Slain by an ogre

Illustrated notes

Levels and vault maps discovered:
D:1:      minmay_arrival_diagonal_passages, layout_basic, serial_shops, shop,
          minmay_pentomino_v2
D:2:      layout_basic, serial_shops, nicolae_square_shop,
          hellmonk_ecumenical_altar_lost_god, hangedman_glass_teeth, uniq_robin
D:3:      layout_loops_ring, cheibrodos_ashenzari_chains, lemuel_doored_altar,
          minmay_misc_feat_four_crosses, minmay_unequal, uniq_terence,
          uniq_sigmund, uniq_jessica, uniq_ijyb
D:4:      layout_basic, mainiacjoe_overflow_catwalk,
          mainiacjoe_overflow_large_starburst, serial_bayou,
          serial_bayou_pond_e, serial_bayou_crossing, serial_bayou_pond_d,
          serial_bayou_pond_e, serial_bayou_lagoon_b, grunt_decor_mini_mirrors,
          kennysheep_generic_room_10, uniq_menkaure

Skill      XL: |  1  2  3  4  5 |
---------------+----------------+-----
Maces & Flails | 3 4 |  4.2
Dodging        | 3 4 |  4.2
Armour         | 1 2 |  2.6
Fighting       | 4 |  4.7
Stealth        | |  1.7
Invocations    | |  0.5

Action                   |  1- 3 |  4- 6 || total
-------------------------+-------+-------++-------
Melee: Mace              |    84 |   140 ||   224
       Kick              |    14 |    41 ||    55
Invok: Draw Escape       |       |     1 ||     1
       Draw Destruction  |       |     1 ||     1
  Use: Scroll            |       |     4 ||     4
       Potion            |       |     1 ||     1
 Stab: Sleeping          |     3 |       ||     3
Armor: Robe              |    12 |       ||    12
       Ring mail         |    15 |     6 ||    21
       Chain mail        |       |    90 ||    90
Dodge: Dodged            |    49 |    52 ||   101
